 Dungeon Crawl Stone Soup version 0.20.1-1-g8b1a95d (webtiles) character file.

224 jmlagarto the Covered (level 5, 0/47 HPs)
             Began as a Minotaur Fighter on Sept 7, 2017.
             Splashed by a jelly's acid (4 damage)
             ... on level 3 of the Dungeon.
             The game lasted 00:06:32 (1810 turns).

jmlagarto the Covered (Minotaur Fighter)            Turns: 1810, Time: 00:06:33

Health: 0/47       AC:  6    Str: 22    XL:     5   Next: 67%
Magic:  4/4        EV:  9    Int:  5    God:
Gold:   166        SH:  9    Dex:  9    Spells: 4/4 levels left

rFire    . . .     SeeInvis .   s - -1 mace (curse)
rCold    . . .     Gourm    .   c - +0 shield
rNeg     . . .     Faith    .   q - +4 ring mail
rPois    .         Spirit   .   (helmet restricted)
rElec    .         Reflect  .   (no cloak)
rCorr    .         Harm     .   (no gloves)
MR       .....                  (no boots)
Stlth    ..........             l - amulet of rage
Regen    0.2/turn               (no ring)
MPRegen  0.1/turn               (no ring)

@: corroded
A: retaliatory headbutt, horns 2
a: Evoke Berserk Rage


You were on level 3 of the Dungeon.
You were full.

You visited 1 branch of the dungeon, and saw 3 of its levels.

You collected 166 gold pieces.

Inventory:

Hand Weapons
 a - a +2 trident
 j - a +0 hunting sling
 s - a cursed -1 mace (weapon)
Missiles
 e - 138 stones (quivered)
 h - 4 curare-tipped needles
 i - 11 poisoned needles
Armour
 b - a +0 scale mail
 c - a +0 shield (worn)
 n - a +0 plate armour
 q - a +4 ring mail (worn)
Jewellery
 l - an amulet of rage (around neck)
Potions
 d - a potion of might
 g - a potion of curing {unknown}
 k - a potion of degeneration {unknown}
 p - a potion of agility {unknown}
 t - a potion of ambrosia {unknown}
Comestibles
 f - 2 bread rations
 m - a meat ration
 r - 3 fruits


   Skills:
 + Level 4.3 Fighting
 + Level 0.8 Maces & Flails
 + Level 4.7 Polearms
 + Level 4.8 Armour
 + Level 1.0 Dodging
 + Level 4.7 Shields


You had 4 spell levels left.
You didn't know any spells.

Dungeon Overview and Level Annotations

Branches:
Dungeon (3/15)

Altars:
Uskayaw


Innate Abilities, Weirdness & Mutations

You reflexively headbutt those who attack you in melee.
You have a pair of horns on your head.


Message History

The ooze barely misses you.
You hit the ooze. You headbutt the ooze.
The ooze is moderately wounded.
The ooze closely misses you. The ooze hits you.
* * * LOW HITPOINT WARNING * * *
Your shield and ring mail prevent you from hitting the ooze.
The ooze is moderately wounded.
You block the ooze's attack.
You hit the ooze. Your headbutt misses the ooze.
The ooze is almost dead.
The ooze hits you but does no damage.
You hit the ooze.
You kill the ooze!
You block the jelly's attack.
You hit the jelly.
Your hands burn!
* * * LOW HITPOINT WARNING * * *
The jelly is moderately wounded.
The jelly hits you but does no damage.
You hit the jelly.
Your hands burn!
You die...

###########..)....##...
$...÷....##............
.P.......##............
.........##............
÷÷.P÷P...##............
....÷....##.####'#.....
.........##.# #.###'##
#######J# #.####.# #.#.
##..)..@## #...##.#
#.#. #.########
#...##.###'#.
##..'....#
#...##.#..†.. ####....#
##..##.#..... #.......#
##.##.#.....
#.......#####.##.#.....
#.......##.....#.#....#
#.......##.###.#.###.##
##..)).###.# #...##....


You could see a jelly.

Vanquished Creatures
  A jelly (D:3)
  Jessica (D:3)
  5 adders
  8 oozes
  A worm (D:2)
  2 dart slugs
  3 leopard geckos
  4 giant cockroaches
  8 goblins
  6 hobgoblins
  11 jackals
  5 bats
  4 frilled lizards
  13 kobolds
  6 rats
78 creatures vanquished.

Vanquished Creatures (others)
  2 fungi (D:3)
  12 toadstools (D:3)
14 creatures vanquished.

Grand Total: 92 creatures vanquished

Notes
Turn   | Place    | Note
-------+----------+-------------------------------------------
     0 | D:1      | jmlagarto the Minotaur Fighter began the quest for the Orb.
     0 | D:1      | Reached XP level 1. HP: 19/19 MP: 0/0
    58 | D:1      | Reached XP level 2. HP: 27/27 MP: 1/1
   366 | D:1      | Reached XP level 3. HP: 32/33 MP: 2/2
  1280 | D:2      | Reached XP level 4. HP: 40/40 MP: 3/3
  1578 | D:3      | Noticed Jessica
  1583 | D:3      | Killed Jessica
  1617 | D:3      | Found a hide-covered altar of Uskayaw.
  1643 | D:3      | Reached XP level 5. HP: 43/46 MP: 4/4
  1800 | D:3      | Reached skill level 1 in Dodging
  1810 | D:3      | Splashed by a jelly's acid

Skill      XL: |  1  2  3  4  5 |
---------------+----------------+-----
Fighting       | 4 |  4.3
Armour         | 4 |  4.8
Shields        | 4 |  4.7
Polearms       | 3 4 |  4.7
Dodging        | 1 |  1.0
Maces & Flails | |  0.8

Action                   |  1- 3 |  4- 6 || total
-------------------------+-------+-------++-------
Melee: Trident           |   108 |    33 ||   141
       Headbutt          |     7 |    15 ||    22
       Mace              |       |    59 ||    59
  Use: Scroll            |     4 |     2 ||     6
  Eat: Meat ration       |     1 |       ||     1
       Royal jelly       |     1 |       ||     1
       Fruit             |     1 |       ||     1
Armor: Scale mail        |     9 |       ||     9
       Plate armour      |    29 |       ||    29
       Ring mail         |       |    57 ||    57
Dodge: Dodged            |    19 |    37 ||    56
Block: Shield            |    38 |    68 ||   106
